woodfighter, lawful female scurrid Tourist ------------------ ---- |................------..| |........................| |....%......----.-------^| |--.--------|....| |^| |.....|.....|....| |^| |..if`|..........| |^| |..`@........----- |^| |....`|.``..`| |^| |.....|-.....| |^| -----.-------- ------|^| |.`...%.`.| --|.....|^| |...`.`...| |.+.....|^| |-.----.%.| |-|.....|^| |..`...`.-- |.+..(..+.| |.>...`..| |-|.....|-- |.....---- |.+.....| ------- --|.....| ------- woodfighter the Excursionist Experience level: 8 Strength: 14 Dexterity: 15 Constitution: 14 Intelligence: 10 Wisdom: 8 Charisma: 20 Health: 0(43) Energy: 27(27) Def: 5 Gold: 0 Moves: 5332 Dungeon seed: LgvkiO-DvNWucARa Game ID: woodfighter_1517353331 Your Inventory: Amulets G - a blessed greased rustproof amulet of reflection (being worn) Weapons a - 33 +2 darts (in quiver) Armor e - an uncursed +0 dwarvish cloak r - a blessed +0 leather armor (being worn) v - an uncursed +0 mummy wrapping N - a blessed +2 pair of leather gloves (being worn) Comestibles c - 4 uncursed pears d - 5 uncursed tripe rations h - an uncursed apple k - an uncursed eucalyptus leaf l - an uncursed pancake A - 2 uncursed lichen corpses I - 2 uncursed lembas wafers O - 7 uncursed food rations Q - 5 uncursed chestnuts Z - an uncursed lizard corpse Rings i - a cursed ring of aggravate monster p - a cursed ring of hunger t - an uncursed ring of protection from shape changers u - an uncursed ring of cold resistance P - an uncursed ring of see invisible (on left paw) R - an uncursed ring of conflict Wands b - a wand of digging (0:6) C - a wand of fire (0:7) H - a wand of locking (0:8) U - a wand of light (0:11) V - a wand of wishing (1:0) Tools g - an expensive camera (0:61) y - an uncursed lock pick W - an uncursed towel Spells and supernatural/magical abilities: Name Level Category Fail Memory W - pray for help -- divine ? -- Your skills at the end: Miscellaneous Skills wands [Basic] Weapon Skills dart [Skilled] Spellcasting Skills Final Attributes: You had strayed. You were poison resistant. Your writing paw was ok. You saw invisible. You had infravision. You were invisible to others. You were stealthy. You were fast. You had reflection. You were unlucky. You are dead. Vanquished creatures: a baby silver dragon 2 giant mimics a small mimic 2 large cats 2 giant beetles a lynx a leprechaun a lizard a vampire bat an orc mummy 2 dwarf mummies 3 piranhas 2 dingos a jaguar a dwarf lord a dust vortex 3 soldier ants 2 fire ants an imp 2 quasits a fog cloud 2 shriekers a violet fungus a gnome lord an elf zombie 2 paper golems a floating eye a homunculus a kobold shaman 5 iguanas 3 rothes a jitterbug 2 giant bats 3 wererats 2 coyotes 3 gas spores a hobbit 6 geckos 3 hobgoblins 2 giant rats 4 cave spiders a brown mold a yellow mold a red mold 2 garter snakes 2 gnome zombies 7 jackals a fox 3 newts 5 goblins a sewer rat 12 grid bugs a bat 4 lichens 2 kobold zombies 120 creatures vanquished. Voluntary challenges: You did not cause conflict. You did not have reflection until turn 4348. You were not displaced. You had been an atheist until turn 3933. You never hit with a wielded weapon. You did not apply a unicorn horn. You did not use plumbed fixtures. You did not drink any magical draughts. You read items or engraved 4 times, starting on turn 3931. You never genocided any monsters. You never polymorphed an object. You never changed form. You used 2 wishes, starting on turn 4322. You wished for your your first artifact on turn 4322. You never split a pudding. You never wrote Elbereth's name. You violated your moral code, losing 3 points of alignment, starting on turn 3442. Dungeon overview: The Dungeons of Doom: levels 1 to 11 Level 1 a fountain a long staircase Level 2 a scroll shop Level 3 a fountain stairs to The Gnomish Mines Level 4 a fountain Level 5 (vault) Level 6 (vault) a sink Level 7 (bones) a fountain Level 8 an armor shop, a fountain Level 9 many fountains Level 10 a general store stairs to Sokoban Level 11 The Gnomish Mines: Level 4 stairs to The Dungeons of Doom Sokoban: levels 6 to 9 Level 6 <- You were here a magic chest Level 7 Level 8 Level 9 an altar to Blind Io, a magic chest stairs to The Dungeons of Doom History has recorded: On T:1 you entered the Dungeons of Doom to retrieve the Amulet of Yendor! On T:312 you reached level 2 of The Dungeons of Doom. On T:355 you reached level 3 of The Dungeons of Doom. On T:390 you advanced to experience level 2. On T:881 you reached level 1 of The Gnomish Mines. On T:1010 you reached level 4 of The Dungeons of Doom. On T:1112 you advanced to experience level 3. On T:1512 you reached level 5 of The Dungeons of Doom. On T:1758 you advanced to experience level 4. On T:1948 you reached level 6 of The Dungeons of Doom. On T:2267 you advanced to experience level 5. On T:2481 you reached level 7 of The Dungeons of Doom. On T:2578 you reached level 8 of The Dungeons of Doom. On T:2703 you advanced to experience level 6. On T:2953 you reached level 9 of The Dungeons of Doom. On T:3465 you reached level 10 of The Dungeons of Doom. On T:3667 you advanced to experience level 7. On T:3694 you reached level 11 of The Dungeons of Doom. On T:3886 you reached level 4 of Sokoban. On T:3929 you opened a magic chest. On T:4322 you wished for "blessed fixed eye of the aethiopica". On T:4346 you wished for "blessed fixed greased amulet of reflection". On T:4448 you reached level 3 of Sokoban. On T:4850 you reached level 2 of Sokoban. On T:5068 you advanced to experience level 8. On T:5083 you reached level 1 of Sokoban. On T:5332 you prayed to Blind Io. Score breakdown: Gold: 0 ( 0 points) Experience: 8 levels ( 700 points) Exploration: 11 levels ( 300 points) Discoveries: 26 items ( 1300 points) Variety of kills: 55 monsters ( 2000 points) Major goal: (nothing yet) ( 0 points) Survival: died (score multiplied by 3) Total score: 12900 Latest messages: The quasit bites! The dart hits the quasit! The quasit claws you! The quasit's sting was poisoned, but it doesn't affect you. The quasit claws you! The quasit bites! The quasit just misses! The quasit claws you! The quasit bites! You kill the quasit! The dart hits the quasit! The quasit drinks a bubbly potion! The quasit looks better. Kitty bites the quasit. The dart hits the quasit! The quasit claws you! The quasit just misses! The quasit bites! Kitty misses the quasit. You begin praying to Blind Io. The quasit claws you! (2x) You die... Final status: Aloha woodfighter the Tourist, killed by a quasit, while praying... You died in Sokoban on dungeon level 6 with 12900 points, and 0 pieces of gold, after 5332 moves. You were level 8 with a maximum of 43 hit points when you died.